 Dungeon Crawl Stone Soup version 0.29-a0-234-g0dae59b3db (webtiles) character file.

Game seed: 4136200343340496246

0 spaghetti the Sneak (level 1, -16/21 HPs)
             Began as a Naga Delver on Mar 3, 2022.
             Demolished by a cyclops (22 damage)
             ... on level 7 of the Dungeon.
             The game lasted 00:00:39 (97 turns).

spaghetti the Sneak (Naga Delver)                     Turns: 97, Time: 00:00:40

Health: -16/21     AC:  1    Str: 14    XL:     1   Next: 10%
Magic:  1/1        EV:  9    Int: 10    God:
Gold:   0          SH:  0    Dex: 12    Spells: 0/0 levels left

rFire   . . .      SeeInvis +   g - +0 war axe {axe}
rCold   . . .      Faith    .   (no shield)
rNeg    . . .      Spirit   .   a - +0 leather armour
rPois   +          Reflect  .   (no helmet)
rElec   .          Harm     .   (no cloak)
rCorr   .          Rampage  .   (no gloves)
Will    .....                   (no barding)
Stlth   +++.......              (no amulet)
HPRegen 0.07/turn               (no ring)
MPRegen 0.07/turn               (no ring)

@: hasted, quick
A: AC +0, large, see invisible, deformed body, poison resistance, slowness 2,
spit poison 1, naga tail 1
a: Spit Poison


You were on level 7 of the Dungeon.
You visited 1 branch of the dungeon, and saw 3 of its levels.


Innate Abilities, Weirdness & Mutations

Your serpentine skin is tough. (AC +0)
You have supernaturally acute eyesight. (SInv)
Armour fits poorly on your strangely shaped body.
Your system is resistant to poisons. (rPois)
You cover ground very slowly.
You can spit poison.
You have a snake-like lower body.


   Skills:
 + Level 3.0 Fighting
 - Level 1.5 Dodging
 - Level 7.2 Stealth
 - Level 2.0 Unarmed Combat


You couldn't memorise any spells.
You didn't know any spells.
Your spell library was empty.

Inventory:

Hand Weapons
 g - a +0 war axe (weapon) {axe}
   (You found it on level 5 of the Dungeon)
Armour
 a - a +0 leather armour (worn)
Wands
 f - a wand of digging (3)
Scrolls
 b - a scroll of fog
 c - a scroll of magic mapping {!r}

Dungeon Overview and Level Annotations

Branches:
Dungeon (7/15)             Temple (0/1) D:7

Altars:
Yredelemnul

.##.#...# #..
>....#...# #.# .
.##.....# #..
.##....##.Y# #.#
#....##.....# ##..
... .....#..#
#..##.##.#..##.#..#
#.....$.... .....#
#..@C...... ......#
###################


You could see a cyclops.


Message History

🤖 Initializing magus.rc ...
Options error: Delay interrupt name "hungry" not recognised. (~/.crawlrc:4761) Options error: Bad monster_list_colour key: strict_neutral (~/.crawlrc:4776) ✅ Successfully initialized magus.rc [v1.9.6] Welcome, spaghetti the Naga Delver.
You feel drawn to the Orb of Zot, downwards into the unfathomable depths...
Press ? for a list of commands and other information.
Found a war axe.
Found a stone staircase leading down.
g - a +0 war axe {axe}
There is a stone staircase leading down here.
You climb downwards.
You hear the hiss of flowing sand.
There is an entrance to an ossuary on this level.
Hurry and find it before the portal is buried!
There is a stone staircase leading up here.
Unknown command.
You open the door.
Found a basalt altar of Yredelemnul.
There is an open door here.
There is an open door here.
You hear the slow hiss of a very distant avalanche of sand.
A kobold comes into view. It is wielding a +0 whip.
Unknown command.
A kobold brigand comes into view.
It is wielding a +0 dagger and quivering poisoned darts.
Aiming: Spit Poison (3% risk of failure)
Press: ? - help, Q - select action Shift-Dir - straight line, f - kobold
Aim: a kobold, wielding a +0 whip (asleep, 100% to hit)
The splash of poison hits the kobold.
You kill the kobold!
You have got your breath back.
Found an escape hatch in the floor.
Aiming: Spit Poison (3% risk of failure)
Press: ? - help, Q - select action Shift-Dir - straight line, f - kobold brigand
Aim: a kobold brigand, wielding a +0 dagger and quivering poisoned darts (asleep, 100% to hit)
The splash of poison hits the kobold brigand.
Okay, then.
A kobold comes into view. It is wielding a +0 dagger.
You hear the slow hiss of a very distant avalanche of sand.
The kobold brigand throws a poisoned dart.
The poisoned dart barely misses you.
You have got your breath back.
The kobold brigand throws a poisoned dart.
The poisoned dart hits you!
You are poisoned.
As you read the scroll of fear, it crumbles to dust.
You assume a fearsome visage.
The kobold brigand looks frightened!
You feel sick. 😕 HP[-2]
You take 2 damage, and now have 19/21 hp.
You feel sick. 😕 HP[-1]
You take 1 damage, and now have 18/21 hp.
You feel sick. 😕 HP[-2]
You take 2 damage, and now have 16/21 hp.
You feel sick. 😮 HP[-1]
You take 1 damage, and now have 15/21 hp.
You feel sick.
You are no longer poisoned. 😮 HP[-1]
You take 1 damage, and now have 14/21 hp.
There is an escape hatch in the floor here. 😮 HP[+1]
You slide downwards.
The hatch slams shut behind you.
Unknown command.
Unknown command.
An ice beast is nearby!
Really slither into that teleport trap?
You enter a teleport trap!
The teleport trap disappears.
Your surroundings suddenly seem different.
A cyclops comes into view.
Unknown command.
Okay, then.
Okay, then.
Okay, then.
Found a staircase to the Ecumenical Temple.
Unknown command.
Unknown command.
Okay, then.
Okay, then.
You feel yourself speed up.
The cyclops shouts!
The cyclops hits you!
* * * LOW HITPOINT WARNING * * *
😨 HP[-9]
You take 9 damage, and now have 6/21 hp.
MASSIVE DAMAGE!! (PAUSE)
g - a +0 war axe (weapon)
{axe} You hit the cyclops.
The cyclops hits you!!
Ouch! That really hurt!
You die...

Action                   || total
-------------------------++-------
Melee: War axe           ||     1
 Abil: Spit Poison       ||     2
  Use: Scroll            ||     1
       Potion            ||     1
Dodge: Dodged            ||     1

Levels and vault maps discovered:
D:5:      layout_layer_cave, chequers_serial_rivers_small_3,
          nicolae_shop_firing_range
D:6:      layout_basic, grunt_temple_overflow_holy_war, enter_ossuary_4,
          feat_on_display
D:7:      layout_basic, mainiacjoe_overflow_chevrons, pf_just_have_faith,
          minmay_temple_entry_ruins

Notes
Turn   | Place    | Note
-------+----------+-------------------------------------------
     0 | D:5      | spaghetti the Naga Delver began the quest for the Orb.
     0 | D:5      | Reached XP level 1. HP: 21/21 MP: 1/1
     0 | D:5      | magus.rc [v1.9.6]
    19 | D:6      | Found a basalt altar of Yredelemnul.
    21 | D:6      | Noticed a profane servitor
    43 | D:6      | Noticed a kobold brigand
    86 | D:7      | Noticed an ice beast
    93 | D:7      | Noticed a cyclops
    94 | D:7      | Found a staircase to the Ecumenical Temple.
    97 | D:7      | Demolished by a cyclops

Vanquished Creatures
  A kobold (D:6)
1 creature vanquished.

Table legend:
 A = Non-vault XP
 B = Vault XP
 C = Vault XP percentage of total XP
 D = Non-vault monster count
 E = Vault monster count
 F = Vault count percentage of total count
                 A         B        C        D         E       F
            +---------+---------+-------+---------+---------+-------
      Total |       1 |       0 |   0.0 |       1 |       0 |   0.0
            +---------+---------+-------+---------+---------+-------
        D:6 |       1 |       0 |   0.0 |       1 |       0 |   0.0
            +---------+---------+-------+---------+---------+-------

Illustrated notes

Table legend:
 A = Kills in this place as a percentage of kills in entire the game.
 B = Kills by you in this place as a percentage of kills by you in the entire game.
 C = Kills by friends in this place as a percentage of kills by friends in the entire game.
 D = Other kills in this place as a percentage of other kills in the entire game.
 E = Experience gained in this place as a percentage of experience gained in the entire game.
 F = Experience gained in this place divided by the number of levels of this place that you have seen.
                   A       B       C       D       E      F
               +-------+-------+-------+-------+-------+----------------------
         Total | 100.0 | 100.0 |   N/A |   N/A | 100.0 |   0.3
       Dungeon | 100.0 | 100.0 |   N/A |   N/A | 100.0 |   0.3
               +-------+-------+-------+-------+-------+----------------------

Table legend: (Time is in decaauts)
 A = Elapsed time spent in this place.
 B = Non-inter-level travel time spent in this place.
 C = Inter-level travel time spent in this place.
 D = Time resting spent in this place.
 E = Time spent auto-exploring this place.
 F = Levels seen in this place.
 G = Mean time per level.
                   A        B        C        D        E       F      G
               +--------+--------+--------+--------+--------+-----+--------+
         Total |    130 |    130 |      0 |      0 |     78 |   3 |   43.3 |
       Dungeon |    130 |    130 |      0 |      0 |     78 |   3 |   43.3 |
               +--------+--------+--------+--------+--------+-----+--------+

Top non-repeatable levels by time:
     D:6: 112 daAuts
     D:7: 13 daAuts
     D:5: 4 daAuts
